AoeStats
← cafikjosef

Lombardia

509924852Analyzed
4v4 RM · 4d ago on Sep 28, 2026· 60m 58s· 8 players
Game mode
Random Map
Map size
Large (8 player)
Population
200
Speed
Normal
Resources
Standard
Victory
Conquest
Starting age
Dark Age
Ending age
Imperial Age
RankedLock teamsTeams togetherTeam positionsShared explorationLock speedFull tech treeHidden civsTurbo modeCheats
Victory
Defeat
🇸🇪 Inca · Sweden
1086
+10
🇹🇼 Sicilians · Taiwan
994
+13
🇺🇸 Huns · United States
964
+14
🇬🇧 Magyars · United Kingdom
932
+15
🇲🇽 Khmer · Mexico
960
-14
🇳🇴 Franks · Norway
947
-14
🇨🇿 Vikings · Czechia
909
-12
🇷🇴 Magyars · Romania
907
-12
Bammo
1:34 Loom
12:29 Feudal Age
17:18 Castle Age
15:26 Double-Bit Axe
17:42 Gold Mining
18:06 Town Watch
18:33 Husbandry
20:53 Scale Barding Armor
20:59 Forging
23:15 Chain Barding Armor
23:35 Bow Saw
24:17 Iron Casting
27:59 Wheelbarrow
32:42 Imperial Age
32:58 Cavalier
34:18 Plate Barding Armor
37:00 Blast Furnace
MiloJ
0:40 Loom
13:02 Feudal Age
14:56 Horse Collar
15:02 Double-Bit Axe
17:58 Gold Mining
21:35 Castle Age
20:55 Arson
22:59 Wheelbarrow
21:52 Pikeman
23:37 Heavy Plow
24:24 Hand Cart
26:17 Stone Mining
27:33 Stone Shaft Mining
27:36 Gold Shaft Mining
32:19 Bow Saw
36:23 Imperial Age
35:03 Tusk Swords
35:06 Town Watch
35:14 Fletching
35:24 Padded Archer Armor
36:03 Ballistics
35:52 Bodkin Arrow
36:53 Leather Archer Armor
37:25 Bracer
38:28 Chemistry
37:35 Double Crossbow
38:18 Conscription
38:59 Ring Archer Armor
39:57 Forging
39:16 Elite Ballista Elephant
39:23 Halberdier
40:35 Caravan
41:26 Iron Casting
40:52 Scale Mail Armor
41:59 Town Patrol
43:08 Blast Furnace
cafikjosef
6:36 Loom
9:47 Feudal Age
10:28 Double-Bit Axe
11:44 Gold Mining
13:45 Town Watch
15:21 Horse Collar
15:52 Man-at-Arms
23:56 Forging
23:48 Scale Mail Armor
25:54 Castle Age
24:00 Arson
26:52 Squires
27:31 Bow Saw
27:57 Heavy Plow
34:25 Iron Casting
34:05 Chain Mail Armor
37:41 Gold Shaft Mining
41:47 Imperial Age
39:30 Masonry
39:00 Treadmill Crane
40:32 Town Patrol
43:28 Blast Furnace
42:59 Plate Mail Armor
42:09 Elite Varangian Guard
42:13 Capped Ram
44:07 Architecture
48:38 Siege Ram
48:39 Heavy Scorpion
50:49 Fletching
51:23 Ballistics
52:04 Chemistry
51:11 Siege Engineers
52:33 Stone Mining
53:46 Bodkin Arrow
60:10 Pikeman
SH3RK1
10:44 Loom
12:53 Feudal Age
17:18 Castle Age
15:34 Bloodlines
20:16 Horse Collar
20:55 Double-Bit Axe
22:06 Wheelbarrow
22:15 Heavy Plow
22:28 Bow Saw
33:46 Hand Cart
34:14 Gold Mining
34:15 Stone Mining
35:41 Husbandry
36:10 Light Cavalry
41:30 Gold Shaft Mining
41:29 Caravan
41:37 Town Watch
45:00 Imperial Age
42:31 Town Patrol
Wardaddy
6:33 Loom
10:45 Feudal Age
10:48 Champi Runner
12:07 Double-Bit Axe
18:51 Castle Age
19:04 Horse Collar
18:58 Champi Warrior
19:40 Squires
19:41 Scale Mail Armor
19:56 Forging
21:11 Scale Mail Armor
27:14 Bow Saw
27:05 Heavy Plow
28:52 Stone Mining
30:18 Caravan
31:31 Wheelbarrow
32:07 Gold Mining
33:08 Fletching
32:51 Pikeman
38:54 Imperial Age
38:57 Elite Kamayuk
39:57 Conscription
39:48 Fabric Shields
42:52 Crop Rotation
42:40 Hand Cart
47:04 Elite Champi Warrior
52:16 Iron Casting
51:56 Chain Mail Armor
55:22 Arson
56:47 Blast Furnace
56:17 Plate Mail Armor
57:34 Bodkin Arrow
57:39 Padded Archer Armor
58:50 Chemistry
58:10 Ballistics
58:02 Thumb Ring
60:06 Bracer
60:21 Leather Archer Armor
WarW◯lf 103 {WYR}
9:50 Loom
12:51 Feudal Age
13:28 Double-Bit Axe
14:57 Horse Collar
19:10 Scale Barding Armor
23:04 Bloodlines
26:28 Castle Age
27:43 Husbandry
27:04 Light Cavalry
29:55 Stone Mining
30:08 Heavy Plow
33:26 Corvinian Army
34:05 Wheelbarrow
37:57 Imperial Age
35:45 Hand Cart
37:49 Bow Saw
38:10 Chain Barding Armor
38:45 Gold Mining
39:44 Caravan
40:29 Conscription
40:55 Coinage
40:16 Elite Magyar Huszar
41:32 Hussar
44:40 Banking
46:38 Plate Barding Armor
53:34 Chemistry
52:55 Ballistics
52:31 Murder Holes
52:47 Masonry
54:14 Two-Man Saw
53:47 Crop Rotation
57:09 Fletching
57:55 Plate Barding Armor
iw5420
11:16 Feudal Age
11:49 Double-Bit Axe
11:51 Horse Collar
16:54 Bloodlines
21:04 Castle Age
20:48 Stone Mining
22:16 Wheelbarrow
25:34 Gold Mining
27:03 Husbandry
27:19 Forging
27:16 Scale Barding Armor
28:17 Hand Cart
30:07 Heavy Plow
30:20 Bow Saw
31:04 Gold Shaft Mining
32:00 Iron Casting
31:47 Chain Barding Armor
35:18 Imperial Age
35:29 Imperial Age
34:25 Masonry
37:31 Crop Rotation
36:49 Town Watch
36:51 Loom
37:29 Ballistics
38:09 Chemistry
36:55 Arrowslits
37:05 Murder Holes
37:52 First Crusade
37:04 Elite Serjeant
37:26 Pikeman
38:06 Squires
37:52 Gambesons
38:48 Scale Mail Armor
39:49 Blast Furnace
39:15 Capped Ram
39:20 Halberdier
39:49 Arson
40:24 Chain Mail Armor
39:33 Cavalier
40:58 Plate Barding Armor
42:59 Siege Ram
45:38 Plate Mail Armor
44:59 Fletching
48:01 Bodkin Arrow
48:08 Town Patrol
49:46 Conscription
50:05 Hoardings
50:12 Hauberk
54:25 Siege Engineers
tequilamockingbird
11:35 Feudal Age
10:23 Loom
12:16 Double-Bit Axe
16:33 Horse Collar
21:29 Castle Age
24:40 Padded Archer Armor
25:59 Masonry
27:04 Leather Archer Armor
26:39 Fletching
27:30 Squires
29:31 Wheelbarrow
29:45 Heavy Plow
30:54 Bow Saw
30:22 Pikeman
31:51 Hand Cart
31:53 Husbandry
32:06 Bloodlines
36:19 Imperial Age
34:23 Bodkin Arrow
33:57 Light Cavalry
34:46 Scale Barding Armor
35:04 Ballistics
36:16 Forging
36:15 Marauders
37:55 Iron Casting
38:25 Parthian Tactics
37:22 Heavy Cavalry Archer
38:31 Chain Barding Armor
38:12 Bracer
38:36 Conscription
39:55 Two-Man Saw
38:48 Gold Mining
40:11 Blast Furnace
40:35 Caravan
51:51 Plate Barding Armor
Connection lost

Rejoining the realm…

Still unreachable

The connection could not be restored.

Session expired

The server has moved on; the page needs a fresh start.